 Dungeon Crawl Stone Soup version 0.31-a0-536-ga3e2962e35 (webtiles) character file.

Game seed: 16916510167514647389

41 Ethylacetat the Ducker (level 3, -2/25 HPs)
             Began as an Octopode Gladiator on Aug 13, 2023.
             Slain by a hobgoblin (5 damage)
             ... on level 3 of the Dungeon.
             The game lasted 00:02:50 (1265 turns).

Ethylacetat the Ducker (Octopode Gladiator)         Turns: 1265, Time: 00:02:51

Health: -2/25      AC:  1    Str: 13    XL:     3   Next: 52%
Magic:  3/3        EV: 14    Int: 10    God:
Gold:   159        SH:  0    Dex: 15    Spells: 2/2 levels left

rFire   . . .        a - +0 long sword
rCold   + . .        (no shield)
rNeg    . . .        b - melded +0 hat
rPois   .            (no amulet)
rElec   .            g - ring of protection from cold
rCorr   .            (no ring)
SInv    .            (no ring)
Will    .....        (no ring)
Stlth   +++          (no ring)
HPRegen 0.24/turn    (no ring)
MPRegen 0.08/turn    (no ring)
                     (no ring)

%: no passive effects
@: lethally poisoned (-2 -> -5), beast-form, invisible
A: beast (slay +0), almost no armour, amphibious, 8 rings, camouflage 1,
gelatinous body 1, (nimble swimmer 1), tentacles
a: Begin Untransformation


You were on level 3 of the Dungeon.
You were a hulking beast.
You visited 1 branch of the dungeon, and saw 3 of its levels.

You collected 159 gold pieces.

Inventory:

Hand Weapons
 a - a +0 long sword (weapon)
Missiles
 c - 3 throwing nets (quivered)
 d - a javelin
 r - 2 silver javelins
Armour
 b - a +0 hat (melded)
Jewellery
 g - a ring of protection from cold (left tentacle)
Talismans
 j - a beast talisman (active)
Scrolls
 e - a scroll of fear {unknown}
 f - 3 scrolls of identify {unknown}
 k - a scroll of immolation {unknown}
 m - a scroll of poison {unknown}
 o - a scroll of blinking {unknown}
 q - a scroll of teleportation {unknown}
Potions
 h - a potion of invisibility
 i - a potion of brilliance {unknown}
 l - a potion of magic {unknown}
 n - a potion of haste {unknown}
 p - a potion of enlightenment {unknown}


   Skills:
 + Level 2.4 Fighting
 + Level 3.3 Long Blades
 - Level 2.0 Throwing
 + Level 3.3 Dodging
 + Level 2.0 Stealth
 * Level 0.5 Shapeshifting


You had 2 spell levels left.
You didn't know any spells.
Your spell library contained the following spells:

 Spells                   Type           Power      Damage    Failure   Level
 Apportation              Tloc           0%         N/A       36%         1
 Summon Small Mammal      Summ           0%         N/A       36%         1
 Ensorcelled Hibernation  Hex/Ice        0%         N/A       50%         2
 Passwall                 Tmut/Erth      0%         N/A       50%         2
 Call Canine Familiar     Summ           0%         N/A       75%         3
 Summon Guardian Golem    Hex/Summ       0%         N/A       75%         3
 Swiftness                Air            0%         N/A       75%         3
 Alistair's Intoxication  Tmut/Pois      0%         N/A       100%        5


Dungeon Overview and Level Annotations

Branches:
Dungeon (3/15)

Altars:

Shops:
D:3 [


Innate Abilities, Weirdness & Mutations

You are a hulking beast.
Your limbs bulge with bestial killing power. (Slay +0)
You cannot wear most types of armour.
You are amphibious.
You can wear up to eight rings at the same time.
Your skin changes colour to match your surroundings (Stealth+).
Your rubbery body absorbs attacks. (AC +1, EV +1)
((You are camouflaged when in or above water. (Stealth+)))
You have tentacles for arms and can constrict up to eight enemies at once.


Message History

You kill the hobgoblin!
Your Stealth skill increases to level 2!
No target in view!
Found a scroll labelled YNOHES WAMABIYMO.
Found a dagger.
A kobold and a hobgoblin come into view.
The kobold is wielding a +0 whip and quivering poisoned darts.
There are monsters nearby!
A hobgoblin and an adder come into view.
The hobgoblin moves out of view.
Found a scroll labelled ULEATE JOQYINT.
The hobgoblin shouts! x2; You hear a shout!
The kobold shouts!
A hobgoblin comes into view.
The adder hisses angrily.
The kobold hits you but does no damage.
You hit the adder but do no damage. You grab the adder.
You constrict the adder. The adder misses you.
The hobgoblin closely misses you. The kobold hits you with a +0 whip.
You barely miss the adder. Your squeeze misses the adder.
The adder is lightly wounded.
You constrict the adder, but do no damage.
The adder bites you. The hobgoblin hits you. The kobold closely misses you.
The adder misses you.
You hit the adder.
The adder is moderately wounded.
You constrict the adder. The hobgoblin hits you. The kobold closely misses you.
The adder bites you. The hobgoblin closely misses you. The hobgoblin hits you.
* * * LOW HITPOINT WARNING * * *
The kobold barely misses you.
A hobgoblin comes into view.
The adder bites you.
* * * LOW HITPOINT WARNING * * *
You are lethally poisoned!
The adder poisons you!
It was a potion of invisibility.
You fade into invisibility!
You constrict the adder.
* * * LOW HITPOINT WARNING * * *
You feel sick. The adder barely misses you. The hobgoblin hits you.
You die...

####..#### #............g
#.....## #............#
#.###..####.............#
###.####.#.....###.........
#.........)..#.# #........#
########.......###.....o..#
##.?........ #...g......
#..hKg.....
.......gS.......
######..........
...........# ##.........##
............ ..?........##
...######g#.#


You could see an adder (unable to see you), 4 hobgoblins and a kobold (unable to
see you).

Vanquished Creatures
  A worm (D:2)
  2 dart slugs (D:1)
  3 ball pythons
  6 endoplasms
  2 giant cockroaches
  4 goblins
  2 hobgoblins
  2 jackals (D:1)
  A quokka (D:1)
  3 bats
  2 frilled lizards (D:1)
  A kobold (D:1)
  2 rats
31 creatures vanquished.

Notes
Turn   | Place    | Note
-------+----------+-------------------------------------------
     0 | D:1      | Ethylacetat the Octopode Gladiator began the quest for the
                  | Orb.
     0 | D:1      | Reached XP level 1. HP: 14/14 MP: 1/1
   115 | D:1      | Reached skill level 1 in Stealth
   115 | D:1      | Reached XP level 2. HP: 17/19 MP: 2/2
   680 | D:2      | Reached XP level 3. HP: 25/25 MP: 3/3
  1226 | D:3      | Found Dopsuhiy's Antique Armour Boutique.
  1265 | D:3      | Slain by a hobgoblin

Illustrated notes

Levels and vault maps discovered:
D:1:      eino_arrival_druids_welcome, layout_loops_ring, kennysheep_nondescript
D:2:      layout_rooms, corexii_corridor_pit
D:3:      layout_rooms, serial_shops, shop, gup_sewer_entry_bubbles,
          nrook_mini_vaults, uniq_jessica, uniq_robin, uniq_natasha

Skill      XL: |  1  2  3 |
---------------+----------+-----
Stealth        | 1 2 |  2.0
Fighting       | |  2.4
Long Blades    | |  3.3
Throwing       | |  2.0
Dodging        | |  3.3
Shapeshifting  | |  0.5

Action                     || total
---------------------------++-------
  Melee: Long sword        ||    55
         Constrict         ||    13
         Tentacles         ||    10
    Use: Potion            ||     1
   Stab: Sleeping          ||     7
 Armour: Skin              ||     6
  Dodge: Dodged            ||    40
   Form: Beast             ||     1

Table legend: (Time is in decaauts)
 A = Elapsed time spent in this place.
 B = Non-inter-level travel time spent in this place.
 C = Inter-level travel time spent in this place.
 D = Time resting spent in this place.
 E = Time spent auto-exploring this place.
 F = Levels seen in this place.
 G = Mean time per level.
                   A        B        C        D        E       F      G
               +--------+--------+--------+--------+--------+-----+--------+
         Total |   1277 |   1252 |     25 |      0 |    941 |   3 |  425.7 |
       Dungeon |   1277 |   1252 |     25 |      0 |    941 |   3 |  425.7 |
               +--------+--------+--------+--------+--------+-----+--------+

Top non-repeatable levels by time:
     D:1: 684 daAuts
     D:2: 514 daAuts
     D:3: 78 daAuts
